 Dungeon Sprint DCSS version 0.23-a0-143-g1adec7b (webtiles) character file.

8526 Faca the Warrior (level 11, -5/121 HPs)
             Began as a Minotaur Fighter on Aug 31, 2018.
             Was the Champion of the Shining One.
             Slain by an alligator snapping turtle (15 damage)
             ... in the Dungeon (Sprint V: "Ziggurat Sprint").
             The game lasted 00:05:47 (1072 turns).

Faca the Warrior (Minotaur Fighter)                 Turns: 1072, Time: 00:05:48

Health: -5/121     AC: 26    Str: 30    XL:     11   Next: 11%
Magic:  15/16      EV:  5    Int:  5    God:    the Shining One [******]
Gold:   0          SH: 16    Dex: 16    Spells: 10/10 levels left

rFire    + . .     SeeInvis .   b - +5 broad axe
rCold    + . .     Gourm    .   o - +3 shield
rNeg     + + +     Faith    .   l - +9 gold dragon scales
rPois    +         Spirit   .   (helmet restricted)
rElec    .         Reflect  .   (no cloak)
rCorr    .         Harm     .   (no gloves)
MR       .....     Rnd*Rage +   (no boots) Stlth ..........NoTele +
                                (no amulet)
HPRegen  0.30/turn              F - +6 ring of strength
MPRegen  0.15/turn              B - +6 ring of dexterity

@: mesmerised, glowing, very slow
A: retaliatory headbutt, horns 2, berserk 1
a: Divine Shield, Cleansing Flame, Summon Divine Warrior, Brand Weapon With Holy
Wrath, Renounce Religion


You were in the Dungeon.
You worshipped the Shining One.
The Shining One was exalted by your worship.
You were not hungry.

You visited 1 branch

Inventory:

Hand Weapons
 a - a +2 broad axe of flaming
 b - a +5 broad axe (weapon)
 C - a +4 hand axe of electrocution
Armour
 l - +9 gold dragon scales (worn)
 m - a +5 plate armour
 n - a +3 large shield
 o - a +3 shield (worn)
Jewellery
 u - an uncursed ring of protection from fire
 B - a +6 ring of dexterity (right hand)
 E - the ring of Syriaghe {*Contam rElec rF+ MP+9 Int+10}
   (You found it in the Dungeon)

   [ring of protection from fire]

   It affects your intelligence (+10).
   It protects you from fire.
   It insulates you from electricity.
   It affects your magic capacity (+9).
   It causes magical contamination when unequipped.
 F - a +6 ring of strength (left hand)
Wands
 y - a wand of disintegration (7)
 z - a wand of iceblast (7)
 A - a wand of acid (7)
Scrolls
 k - 4 scrolls of blinking
 p - 7 scrolls of fog
 q - a scroll of holy word
 r - 5 scrolls of identify
 s - 5 scrolls of remove curse
 t - 2 scrolls of fear
Potions
 c - 2 potions of brilliance
 d - 6 potions of might
 e - 10 potions of curing
 g - 8 potions of heal wounds
 h - 6 potions of haste
 i - 7 potions of magic
 j - 3 potions of berserk rage
 v - 4 potions of resistance
 x - 5 potions of agility
Comestibles
 f - 7 rations


   Skills:
 + Level 18.8 Fighting
 + Level 18.5 Axes
 + Level 10.4 Armour
 + Level 10.3 Shields
 + Level 8.1 Invocations


You had 10 spell levels left.
You didn't know any spells.
Your spell library was empty.

Dungeon Overview and Level Annotations

Branches:
Dungeon (1/1)

Altars:
Ashenzari
Cheibriados
Dithmenos
Elyvilon
Fedhas
Gozag
Hepliaklqana
Kikubaaqudgha
Makhleb
Nemelex Xobeh
Okawaru
Qazlal
Ru
Sif Muna
Trog
Uskayaw
Vehumet
Wu Jian
Xom
Yredelemnul
Zin
The Shining One
Beogh
Jiyva
Lugonu


Innate Abilities, Weirdness & Mutations

You reflexively headbutt those who attack you in melee.
You have a pair of horns on your head.
You tend to lose your temper in combat.


Message History

The merfolk impaler barely misses you. You furiously retaliate!
You headbutt the merfolk impaler.
The merfolk siren is engulfed in a cloud of scalding steam.
The merfolk siren closely misses you. You block the merfolk's attack.
The merfolk aquamancer casts a spell.
The merfolk aquamancer blinks!
You feel much better. You block the merfolk impaler's attack.
You block the alligator snapping turtle's attack.
The merfolk siren hits you but does no damage.
The merfolk impaler hits you but does no damage.
You are electrocuted!
* * * LOW HITPOINT WARNING * * *
You block the merfolk's attack.
Your unstable footing causes you to fumble your attack.
The water nymph points at you and mumbles some strange words.
The water swirls and strikes you!
* * * LOW HITPOINT WARNING * * *
The merfolk impaler barely misses you.
The alligator snapping turtle bites you from afar!
You die...

▓...|:}}..
▓≈.}≈)≈|≈≈▓...[)::..
▓≈...≈≈≈..▓.........
▓.m≈..≈...▓.........
▓≈..≈≈≈.≈.▓.........
▓.≈..§≈≈≈.▓...).....
▓≈m▓tm≈▓≈≈▓.........
▓≈▓)≈...▓≈▓.........
▓mm@≈©≈.≈.▓....©....
▓▓▓▓▓▓▓▓▓▓▓▓▓▓▓▓▓▓▓▓


You could see an alligator snapping turtle, a merfolk impaler, a merfolk
aquamancer, a merfolk, a merfolk siren and a water nymph.

Vanquished Creatures
  A merfolk aquamancer (D)
  A two-headed ogre (D)
  A thrashing horror (D)
  2 large abominations (D)
  2 sea snakes (D)
  A cyclops (D)
  An ancient zyme (D)
  2 trolls (D)
  7 starcursed masses (D)
  2 redbacks (D)
  A water elemental (D)
  A neqoxec (D)
  A water moccasin (D)
  5 hell hounds (D)
  2 necrophages (D)
  3 phantoms (D)
  An ogre (D)
  An earth elemental (D)
  5 scorpions (D)
  6 wights (D)
  An orc priest (D)
  2 iron imps (D)
  An adder (D)
  A shadow imp (D)
  A white imp (D)
  2 adder zombies (D)
  6 adder skeletons (D)
  An orc (D)
  A ball python (D)
  2 bat skeletons (D)
  3 bat zombies (D)
  A jackal skeleton (D)
  A jackal zombie (D)
  A leopard gecko skeleton (D)
  A leopard gecko zombie (D)
  A quokka zombie (D)
72 creatures vanquished.

Vanquished Creatures (others)
  A bat zombie (D)
1 creature vanquished.

Grand Total: 73 creatures vanquished

Notes
Turn   | Place    | Note
-------+----------+-------------------------------------------
     0 | D        | Found the +6 Majin-Bo {vamp, Archmagi MP+6 Int+6}
     0 | D        | Found the +7 great mace "Firestarter" {inner flame, rF++}
     0 | D        | Faca the Minotaur Fighter began the quest for the Orb.
     0 | D        | Reached XP level 1. HP: 19/19 MP: 0/0
     3 | D        | Found a blossoming altar of Fedhas.
    27 | D        | Found a viscous altar of Jiyva.
    27 | D        | Found a hazy altar of Hepliaklqana.
    27 | D        | Found a transporter.
    27 | D        | Found an opulent altar of Gozag.
    27 | D        | Found an ancient bone altar of Kikubaaqudgha.
    27 | D        | Found a corrupted altar of Lugonu.
    31 | D        | Found a burning altar of Makhleb.
    32 | D        | Found a sacrificial altar of Ru.
    32 | D        | Found a stormy altar of Qazlal.
    32 | D        | Found a deep blue altar of Sif Muna.
    32 | D        | Found an iron altar of Okawaru.
    32 | D        | Found a bloodstained altar of Trog.
    32 | D        | Found a sparkling altar of Nemelex Xobeh.
    58 | D        | Became a worshipper of the Shining One
    65 | D        | Reached XP level 2. HP: 34/34 MP: 1/1
    78 | D        | Entered arena 2.
    78 | D        | Found a transporter.
    83 | D        | Reached * piety under the Shining One
    83 | D        | Reached XP level 3. HP: 27/40 MP: 2/2
   189 | D        | Entered arena 3.
   189 | D        | Noticed a water moccasin
   189 | D        | Found a transporter.
   197 | D        | Killed a water moccasin
   197 | D        | Reached skill level 10 in Fighting
   197 | D        | Reached skill level 10 in Axes
   197 | D        | Reached XP level 4. HP: 52/52 MP: 3/3
   197 | D        | Reached XP level 5. HP: 59/59 MP: 4/4
   203 | D        | Got the ring "Asepn" {Ice -Tele +Inv Int-4 Slay+4}
   207 | D        | Entered arena 4.
   207 | D        | Noticed a hell hound
   207 | D        | Reached ** piety under the Shining One
   207 | D        | Noticed a hell hound
   207 | D        | Reached *** piety under the Shining One
   207 | D        | Found a transporter.
   210 | D        | Killed a hell hound
   210 | D        | Killed a hell hound
   210 | D        | Reached **** piety under the Shining One
   210 | D        | Reached XP level 6. HP: 48/70 MP: 5/5
   305 | D        | Entered arena 5.
   305 | D        | Reached ***** piety under the Shining One
   305 | D        | Found a transporter.
   316 | D        | Reached XP level 7. HP: 79/79 MP: 6/6
   334 | D        | Entered arena 6.
   334 | D        | Noticed a two-headed ogre
   334 | D        | Noticed a troll
   334 | D        | Noticed a cyclops
   334 | D        | Noticed a troll
   334 | D        | Found a transporter.
   342 | D        | Killed a troll
   343 | D        | Killed a troll
   346 | D        | Killed a two-headed ogre
   346 | D        | Reached skill level 15 in Fighting
   346 | D        | Reached skill level 15 in Axes
   346 | D        | Reached XP level 8. HP: 60/93 MP: 7/7
   350 | D        | Killed a cyclops
   350 | D        | Reached XP level 9. HP: 60/101 MP: 8/8
   507 | D        | Entered arena 7.
   507 | D        | Reached ****** piety under the Shining One
   510 | D        | Found a transporter.
   534 | D        | Entered arena 8.
   540 | D        | Found a transporter.
   543 | D        | Reached skill level 1 in Invocations
   566 | D        | Entered arena 9.
   570 | D        | Reached skill level 5 in Armour
   570 | D        | Reached skill level 5 in Shields
   576 | D        | Found a transporter.
   585 | D        | Entered arena 10.
   602 | D        | Found a transporter.
   613 | D        | Entered arena 11.
   628 | D        | Found a transporter.
   643 | D        | Got the ring of Syriaghe {*Contam rElec rF+ MP+9 Int+10}
   650 | D        | Entered arena 12.
   650 | D        | Noticed a starcursed mass
   650 | D        | Noticed a thrashing horror
   650 | D        | Noticed an ancient zyme
   650 | D        | Noticed a starcursed mass
   650 | D        | Noticed a large abomination
   653 | D        | Killed a thrashing horror
   653 | D        | Reached XP level 10. HP: 98/112 MP: 10/12
   659 | D        | Reached skill level 5 in Invocations
   659 | D        | Killed a large abomination
   662 | D        | Killed a starcursed mass
   666 | D        | Gained mutation: You tend to lose your temper in combat. [a
                  | neqoxec]
   669 | D        | Found a transporter.
   678 | D        | Killed a starcursed mass
  1058 | D        | Entered arena 13.
  1058 | D        | Noticed a sea snake
  1058 | D        | Noticed a merfolk aquamancer
  1058 | D        | Noticed a merfolk impaler
  1058 | D        | Noticed a sea snake
  1058 | D        | Noticed a merfolk siren
  1058 | D        | Noticed an alligator snapping turtle
  1059 | D        | Noticed a water nymph
  1060 | D        | Noticed a merfolk aquamancer
  1064 | D        | Killed a sea snake
  1068 | D        | Killed a sea snake
  1068 | D        | Reached skill level 10 in Armour
  1068 | D        | Reached skill level 10 in Shields
  1068 | D        | Reached XP level 11. HP: 111/121 MP: 15/15
  1069 | D        | Killed a merfolk aquamancer
  1072 | D        | Slain by an alligator snapping turtle

Vault maps used:
D:        sprint_v

Skill      XL: |  1  2  3  4  5  6  7  8  9 10 11 |
---------------+----------------------------------+-----
Fighting       | 7 8 10 12 13 15 16 17 18 | 18.8
Axes           | 6 7 10 12 15 16 17 18 | 18.5
Armour         | 7 10 | 10.4
Shields        | 7 10 | 10.3
Invocations    | 4 7 8 |  8.1

Action                   |  1- 3 |  4- 6 |  7- 9 | 10-12 || total
-------------------------+-------+-------+-------+-------++-------
Melee: War axe           |     9 |       |       |       ||     9
       Headbutt          |     1 |     6 |    21 |    13 ||    41
       Broad axe         |       |     5 |    33 |    32 ||    70
       Hand axe          |       |     9 |    31 |       ||    40
Invok: Cleansing Flame   |       |       |       |     2 ||     2
  Use: Potion            |     1 |       |       |     2 ||     3
       Scroll            |       |     4 |       |       ||     4
  Eat: Ration            |       |       |       |     1 ||     1
Armor: Plate armour      |     6 |     3 |       |       ||     9
       Gold dragon scale |       |       |    34 |    13 ||    47
Dodge: Dodged            |     2 |     3 |     2 |     4 ||    11
Block: Shield            |     5 |     7 |    37 |    24 ||    73

Table legend:
 A = Non-vault XP
 B = Vault XP
 C = Vault XP percentage of total XP
 D = Non-vault monster count
 E = Vault monster count
 F = Vault count percentage of total count
                 A         B        C        D         E       F
            +---------+---------+-------+---------+---------+-------
      Total |    2291 |    9878 |  81.2 |       6 |      66 |  91.7
            +---------+---------+-------+---------+---------+-------
          D |    2291 |    9878 |  81.2 |       6 |      66 |  91.7
            +---------+---------+-------+---------+---------+-------
